 Dungeon Crawl Stone Soup version 0.26-a0-651-gb41185065b (webtiles) character file.

Game seed: 15905101058106783696

5099 P0NYSLAYSTATION the Merchant of Misery (level 10, -10/121 HPs)
             Began as a Hill Orc Necromancer on Sept 29, 2020.
             Was a Believer of Kikubaaqudgha.
             Mangled by a komodo dragon (12 damage)
             ... on level 1 of the Lair of Beasts on Sept 30, 2020.
             The game lasted 01:02:07 (12338 turns).

P0NYSLAYSTATION the Merchant of Misery (HONe)      Turns: 12338, Time: 01:02:08

Health: -10/121    AC: 11    Str: 14    XL:     10   Next: 57%
Magic:  1/18       EV: 11    Int: 16    God:    Kikubaaqudgha [**....]
Gold:   505        SH:  0    Dex: 11    Spells: 3/19 levels left

rFire    + . .     SeeInvis .   O - +2 whip (elec)
rCold    . . .     Faith    .   (no shield)
rNeg     + . .     Spirit   .   B - +0 swamp dragon scales
rPois    +         Reflect  .   (no helmet)
rElec    .         Harm     .   (no cloak)
rCorr    .         Rampage  .   K - +0 pair of gloves
MR       .....                  m - +0 pair of boots
Stlth    ..........             (no amulet)
HPRegen  0.30/turn              e - ring of protection from fire
MPRegen  0.16/turn              f - ring of positive energy

@: berserking, very quick
A: no striking features
a: Receive Corpses, Renounce Religion


You were on level 1 of the Lair of Beasts.
You worshipped Kikubaaqudgha.
Kikubaaqudgha was pleased with you.
You visited 3 branches of the dungeon, and saw 11 of its levels.

You collected 505 gold pieces.

Inventory:

Hand Weapons
 d - a +0 club
 n - a +0 long sword
 p - a +4 quarterstaff
 y - a +0 trident
 O - a +2 whip of electrocution (weapon)
 Q - a +2 short sword of draining
 T - a +0 trident
 V - a +0 glaive of pain
 Y - a cursed -2 spear
Missiles
 r - 73 poisoned darts (quivered)
 C - 229 stones
Armour
 a - a +0 robe
 m - a +0 pair of boots (worn)
 t - a +0 ring mail
 v - a +0 leather armour
 B - +0 swamp dragon scales (worn)
 K - a +0 pair of gloves (worn)
 S - a +2 ring mail of cold resistance
Jewellery
 c - an uncursed amulet of inaccuracy
 e - a ring of protection from fire (left hand)
 f - a ring of positive energy (right hand)
 H - an uncursed ring of attention
Wands
 x - a wand of flame (13)
 J - a wand of iceblast (7)
 L - a wand of acid (14)
 W - a wand of enslavement (10)
 X - a wand of disintegration (6)
Scrolls
 g - 4 scrolls of teleportation
 i - 4 scrolls of immolation
 j - 3 scrolls of enchant armour {unknown}
 l - 3 scrolls of remove curse
 o - 3 scrolls of fear {unknown}
 q - a scroll of blinking {unknown}
 A - 3 scrolls of random uselessness
 F - 3 scrolls of amnesia
 G - a scroll of magic mapping {unknown}
 I - 3 scrolls of enchant weapon {unknown}
Potions
 b - 2 potions of resistance
 h - a potion of lignification {unknown}
 k - 3 potions of stabbing
 s - a potion of cancellation {unknown}
 u - 2 potions of berserk rage
 z - 2 potions of haste {unknown}
 D - 2 potions of curing {unknown}
 E - 3 potions of brilliance {unknown}
 M - 3 potions of flight {unknown}
 N - a potion of magic {unknown}
 R - a potion of might {unknown}
 U - a potion of ambrosia {unknown}


   Skills:
 + Level 5.2 Fighting
 + Level 4.2 Long Blades
 + Level 5.4(6.3) Maces & Flails
 - Level 4.1(5.0) Staves
 + Level 1.7 Throwing
 + Level 6.1 Armour
 + Level 3.1 Dodging
 + Level 2.7 Stealth
 + Level 5.4 Spellcasting
 + Level 7.8 Necromancy


You had 3 spell levels left.
You knew the following spells:

 Your Spells              Type           Power        Failure   Level
a - Pain                  Necr           ####         1%          1
b - Animate Skeleton      Necr           ####..       1%          1
c - Vampiric Draining     Necr           ####......   3%          3
d - Animate Dead          Necr           ####......   11%         4
e - Sublimation of Blood  Necr           ####......   1%          2
f - Agony                 Necr           ####....     28%         5

Your spell library contained the following spells:

 Spells                   Type           Power        Failure   Level
 Summon Small Mammal      Summ           #...         26%         1
 Call Imp                 Summ           #.......     38%         2
 Call Canine Familiar     Summ           #.......     63%         3
 Summon Guardian Golem    Hex/Summ       #.......     63%         3
 Summon Ice Beast         Ice/Summ       #.......     95%         4
 Summon Lightning Spire   Summ/Air       #.......     95%         4
 Summon Demon             Summ           #.........   100%        5
 Summon Forest            Summ/Tloc      #.........   100%        5
 Summon Mana Viper        Hex/Summ       #.......     100%        5
 Shadow Creatures         Summ           N/A          100%        6
 Summon Hydra             Summ           #.........   100%        7


Dungeon Overview and Level Annotations

Branches:
Dungeon (9/15)             Temple (1/1) D:4            Lair (1/6) D:8
    Orc: D:9-12

Altars:
Ashenzari
Cheibriados
Dithmenos
Elyvilon
Fedhas
Gozag
Hepliaklqana
Kikubaaqudgha
Makhleb
Nemelex Xobeh
Okawaru
Qazlal
Ru
Sif Muna
Trog
Uskayaw
Vehumet
Wu Jian
Xom
Yredelemnul
Zin
The Shining One

Shops:
D:6 :

Annotations:
D:3 1 transporter


Message History

The komodo dragon bites you but does no damage.
You hit the komodo dragon.
The komodo dragon is heavily wounded.
You hit the komodo dragon.
The komodo dragon is heavily wounded.
The komodo dragon bites you!!
* * * LOW HITPOINT WARNING * * *
A red film seems to cover your vision as you go berserk!
You feel yourself moving faster!
You feel mighty! The komodo dragon bites you.
* * * LOW HITPOINT WARNING * * *
You hit the komodo dragon but do no damage.
The komodo dragon is heavily wounded.
The komodo dragon completely misses you.
You barely miss the komodo dragon.
The komodo dragon is heavily wounded.
You barely miss the komodo dragon.
The komodo dragon is heavily wounded.
The komodo dragon bites you!
You die...
Kikubaaqudgha rasps: "You have failed me!
Welcome... death!"

... ... #.##
..(######
##........ #.
## #.........
#P>#..
#........
###.#.#
##l.......
......
######@).......
#.#.#
#..P...≈.......
#....
#....P≈≈≈.....>
#.#.#
#.....(≈≈≈≈P..#
#....
#....P≈≈≈≈≈≈...
#...#
#.P.≈≈≈≈≈≈≈≈...
#....
#..≈≈≈≈≈≈≈≈≈..#
#..#.
#..≈≈≈≈≈≈≈P...
.#....
#..P≈≈≈≈≈PP..
#P....##


You could see a komodo dragon.

Vanquished Creatures
  Pikel (D:4)
  An elephant (D:8)
  Joseph (Lair:1)
  Maggie (D:6)
  2 komodo dragons (Lair:1)
  A wraith (D:7)
  A yak (D:8)
  2 water moccasins
  A porcupine (Lair:1)
  An orc warrior (D:7)
  2 ice beasts (D:7)
  4 ogres
  A phantom (D:5)
  A centaur (D:8)
  A crocodile (D:9)
  6 bullfrogs
  3 scorpions
  6 killer bees
  A howler monkey (D:4)
  A wight (D:8)
  A bullfrog zombie (D:6)
  2 jellies
  3 orc wizards
  3 orc priests
  2 hounds
  4 iguanas
  5 worker ants
  A hound zombie (D:8)
  A howler monkey skeleton (D:5)
  7 adders
  A gnoll (D:7)
  A shadow imp (D:6)
  2 white imps
  2 oozes (D:3)
  An adder skeleton (D:8)
  3 dart slugs
  2 leopard geckos
  25 orcs
  A ball python (D:3)
  7 bats
  3 giant cockroaches
  7 goblins
  6 hobgoblins
  3 quokkas
  2 frilled lizards
  5 kobolds
  A leopard gecko zombie (D:7)
  8 rats
147 creatures vanquished.

Vanquished Creatures (collateral kills)
  A phantom (D:6)
  A howler monkey zombie (D:8)
  A frilled lizard (D:1)
  2 rats
5 creatures vanquished.

Vanquished Creatures (others)
  A fungus (Lair:1)
  3 plants
4 creatures vanquished.

Grand Total: 156 creatures vanquished

Notes
Turn   | Place    | Note
-------+----------+-------------------------------------------
     0 | D:1      | P0NYSLAYSTATION the Hill Orc Necromancer began the quest
                  | for the Orb.
     0 | D:1      | Reached XP level 1. HP: 14/14 MP: 3/3
    86 | D:1      | Learned a level 1 spell: Animate Skeleton
   458 | D:4      | Reached XP level 2. HP: 17/20 MP: 0/4
   568 | D:4      | Reached XP level 3. HP: 8/27 MP: 2/5
   889 | D:4      | Found a staircase to the Ecumenical Temple.
   898 | Temple   | Entered the Ecumenical Temple
  1288 | D:3      | Learned a level 3 spell: Vampiric Draining
  1337 | D:4      | Reached skill level 1 in Fighting
  1337 | D:4      | Reached XP level 4. HP: 26/35 MP: 3/7
  1449 | D:5      | Entered Level 5 of the Dungeon
  1471 | D:5      | Reached skill level 1 in Long Blades
  1471 | D:5      | Reached skill level 1 in Armour
  1512 | D:7      | Noticed an ice beast
  1520 | D:7      | Noticed a gnoll sergeant
  1777 | D:8      | Reached XP level 5. HP: 29/40 MP: 8/8
  1881 | D:8      | Noticed a centaur
  2019 | D:7      | Noticed an ogre
  2037 | D:6      | Found a snail-covered altar of Cheibriados.
  2259 | D:6      | Found a shadowy altar of Dithmenos.
  2260 | D:6      | Noticed an ice beast
  2299 | D:6      | Noticed an ogre
  2506 | D:6      | Reached XP level 6. HP: 34/50 MP: 2/9
  2688 | D:4      | Reached skill level 5 in Necromancy
  2917 | D:3      | Found a transporter.
  2934 | D:3      | Found a transporter.
  3803 | D:2      | You fall into a shaft and drop 1 floor!
  4153 | D:8      | Noticed a basilisk
  4175 | D:8      | Noticed an elephant
  4291 | D:8      | Found a staircase to the Lair.
  4300 | D:8      | Noticed a yak
  4321 | D:9      | Reached XP level 7. HP: 40/57 MP: 1/11
  4421 | D:9      | Learned a level 4 spell: Animate Dead
  4576 | D:9      | Noticed a spriggan baker
  5673 | D:2      | Found a broken altar of Ashenzari.
  5913 | D:2      | Found a hide-covered altar of Uskayaw.
  5913 | D:2      | Found an ancient bone altar of Kikubaaqudgha.
  5919 | D:2      | Found a faded altar of an unknown god.
  5922 | D:2      | Became a worshipper of Kikubaaqudgha
  5926 | D:2      | Found a basalt altar of Yredelemnul.
  5928 | D:2      | Found a faded altar of an unknown god.
  6141 | D:4      | Found a sparkling altar of Nemelex Xobeh.
  6289 | D:4      | Noticed Pikel
  6313 | D:4      | Killed Pikel
  6313 | D:4      | Reached skill level 6 in Necromancy
  6313 | D:4      | Reached XP level 8. HP: 31/66 MP: 2/13
  7120 | D:5      | Found a stormy altar of Qazlal.
  7357 | D:5      | Reached skill level 1 in Throwing
  7453 | D:6      | Found Gamit's Book Shop.
  7520 | D:6      | Reached skill level 1 in Maces & Flails
  7590 | D:7      | Reached skill level 1 in Staves
  7819 | D:6      | Reached XP level 9. HP: 29/71 MP: 8/14
  8036 | D:6      | Noticed Maggie
  8503 | D:6      | Killed Maggie
  8753 | D:9      | Reached * piety under Kikubaaqudgha
  8753 | D:9      | Identified Kikubaaqudgha's Handbook of Darkness
                  | (Kikubaaqudgha gifted it to you on level 9 of the Dungeon)
  8753 | D:9      | Received a gift from Kikubaaqudgha
  8768 | D:9      | Learned a level 2 spell: Sublimation of Blood
  8774 | D:9      | Learned a level 5 spell: Agony
  9628 | D:8      | Reached skill level 5 in Armour
  9628 | D:8      | Reached skill level 7 in Necromancy
 10026 | D:8      | Killed an elephant
 10295 | D:7      | Reached XP level 10. HP: 79/80 MP: 15/17
 10698 | D:7      | Reached ** piety under Kikubaaqudgha
 11085 | D:8      | Reached skill level 5 in Maces & Flails
 11260 | D:8      | Reached skill level 5 in Spellcasting
 11669 | Lair:1   | Entered Level 1 of the Lair of Beasts
 11708 | Lair:1   | Reached skill level 5 in Fighting
 12308 | Lair:1   | Noticed Joseph
 12330 | Lair:1   | Killed Joseph
 12335 | Lair:1   | HP: 2/121 [komodo dragon (6)]
 12338 | Lair:1   | Mangled by a komodo dragon

Illustrated notes

Levels and vault maps discovered:
D:1:      mrwooster_arrival_arrow, layout_loops_ring
D:2:      kennysheep_big_flooded_room, layout_loops_ring,
          chequers_temple_overflow_minitemple, evilmike_ruin_ashenzari
D:3:      gammafunk_steamed_eel, layout_basic, minmay_hedge_maze
D:4:      layout_gridville, nemelex_xobeh_ov_fountains_minmay,
          minmay_temple_entry_drinking_statues, minmay_misc_feat_alley,
          uniq_pikel
D:5:      layout_loops_ring, grunt_qazlal_sundering, gup_sewer_entry_glass
D:6:      layout_rooms, nicolae_dithmenos_through_a_glass_darkly,
          cheibrodos_worm_habitat, serial_shops, shop_statue, uniq_maggie
D:7:      layout_loops_ring, feat_on_display
D:8:      layout_loops_corners, david_lair_generic, minmay_misc_feat_iff,
          grunt_decor_one_mirror
D:9:      layout_rooms, enter_bailey_2, the_bakery
Temple:   eino_temple_lava
Lair:1:   layout_roguey, fungi_pond_lemuel, minivault_27, uniq_joseph

Skill      XL: |  1  2  3  4  5  6  7  8  9 10 |
---------------+-------------------------------+-----
Fighting       | 1 2 3 4 5 |  5.2
Spellcasting   | 2 3 4 5 |  5.4
Long Blades    | 1 2 3 4 |  4.2
Armour         | 1 2 3 4 5 6 |  6.1
Necromancy     | 5 6 7 |  7.8
Dodging        | 2 3 |  3.1
Stealth        | 2 |  2.7
Throwing       | 1 |  1.7
Maces & Flails | 2 4 5 |  5.4
Staves         | 1 3 4 |  4.1

Action                   |  1- 3 |  4- 6 |  7- 9 | 10-12 || total
-------------------------+-------+-------+-------+-------++-------
Melee: Club              |     4 |       |       |       ||     4
       Unarmed           |     1 |       |       |       ||     1
       Long sword        |    15 |   126 |    83 |       ||   224
       Quarterstaff      |       |       |   181 |    67 ||   248
       Whip              |       |       |       |    41 ||    41
Throw: Dart              |     1 |     6 |    34 |    11 ||    52
       Stone             |       |       |     6 |     4 ||    10
 Cast: Pain              |    16 |    16 |    50 |    13 ||    95
       Animate Skeleton  |     6 |    14 |    18 |       ||    38
       Vampiric Draining |       |    11 |    24 |    15 ||    50
       Animate Dead      |       |       |     8 |     6 ||    14
  Use: Scroll            |     1 |     1 |     8 |     2 ||    12
       Potion            |       |     3 |     2 |     1 ||     6
 Stab: Sleeping          |       |     1 |     1 |       ||     2
Armor: Robe              |     4 |       |       |       ||     4
       Leather armour    |     3 |    10 |       |       ||    13
       Swamp dragon scal |       |    60 |   116 |    62 ||   238
Dodge: Dodged            |    24 |    92 |   174 |    71 ||   361
       Rpst.: Long sword |     5 |    31 |    17 |       ||    53

Table legend: (Time is in decaauts)
 A = Elapsed time spent in this place.
 B = Non-inter-level travel time spent in this place.
 C = Inter-level travel time spent in this place.
 D = Time resting spent in this place.
 E = Time spent auto-exploring this place.
 F = Levels seen in this place.
 G = Mean time per level.
                   A        B        C        D        E       F      G
               +--------+--------+--------+--------+--------+-----+--------+
         Total |  12490 |  11604 |    886 |   1123 |   7614 |  11 | 1135.5 |
       Dungeon |  11736 |  10914 |    822 |   1123 |   7043 |   9 | 1304.0 |
        Temple |     94 |     60 |     34 |      0 |     54 |   1 |   94.0 |
          Lair |    659 |    630 |     29 |      0 |    517 |   1 |  659.0 |
               +--------+--------+--------+--------+--------+-----+--------+

Top non-repeatable levels by time:
     D:8: 2379 daAuts
     D:6: 1865 daAuts
     D:4: 1639 daAuts
     D:3: 1401 daAuts
     D:7: 1296 daAuts
     D:2: 989 daAuts
     D:1: 916 daAuts
     D:5: 824 daAuts
  Lair:1: 659 daAuts
     D:9: 422 daAuts
  Temple: 94 daAuts
